 Dungeon Crawl Stone Soup version 0.16.1-14-g82efdee (webtiles) character file.

106 KarvaRausku the Slasher (level 4, 0/28 HPs)
             Began as a Tengu Fighter on Apr 13, 2015.
             Slain by a giant gecko (2 damage)
             ... on level 3 of the Dungeon.
             The game lasted 00:04:39 (1845 turns).

KarvaRausku the Slasher (Tengu Fighter)             Turns: 1845, Time: 00:04:40

Health: 0/28       AC:  6    Str: 17    XL:     4   Next: 84%
Magic:  5/5        EV:  6    Int:  8    God:
Gold:   123        SH:  8    Dex: 14    Spells: 0 memorised, 3 levels left

rFire  . . .     SeeInvis .     a - +0 long sword
rCold  . . .     Clarity  .     k - +0 scale mail
rNeg   . . .     SustAb   .     c - +0 shield
rPois  .         Gourm    .     (helmet restricted)
rElec  .         Spirit   .     (no cloak)
rCorr  .         Warding  .     (no gloves)
rMut   .         Stasis   .     (boots unavailable)
MR     .....                    (no amulet)
Stlth  ..........               (no ring)
                                (no ring)

@: drained, not resistant to hostile enchantments, extremely unstealthy
A: beak, talons 3
a: no special abilities


You were on level 3 of the Dungeon.
You were not hungry.

You visited 1 branch of the dungeon, and saw 3 of its levels.

You collected 123 gold pieces.

Inventory:

Hand weapons
 a - a +0 long sword (weapon)
Armour
 b - a +0 scale mail
 c - a +0 shield (worn)
 k - a +0 scale mail (worn)
 u - a +0 scale mail
Jewellery
 h - an uncursed ring of stealth {unknown}
 l - an uncursed amulet of rage {unknown}
Scrolls
 f - 3 scrolls of identify {unknown}
 g - 2 scrolls of blinking {unknown}
 i - a scroll of recharging {unknown}
 o - 2 scrolls of enchant weapon {unknown}
 p - a scroll of enchant armour {unknown}
 q - 2 scrolls of teleportation {unknown}
 r - a scroll of magic mapping {unknown}
 s - a scroll of remove curse {unknown}
Potions
 e - a potion of might
 j - a potion of flight {unknown}
 m - a potion of haste {unknown}
 n - 2 potions of curing {unknown}
 t - 2 potions of restore abilities {unknown}
 v - a potion of cure mutation {unknown}
 w - 2 potions of agility {unknown}
 z - a potion of invisibility {unknown}
 A - a potion of degeneration {unknown}
Comestibles
 d - 3 bread rations
 x - a chunk of flesh


   Skills:
 - Level 3.0(2.3) Fighting
 + Level 5.3(4.6) Long Blades
 - Level 3.2(2.6) Armour
 - Level 3.0(2.3) Shields


You had 3 spell levels left.
You didn't know any spells.

Dungeon Overview and Level Annotations

Branches:
Dungeon (3/15)

Altars:

Annotations:
D:3 Sigmund


Innate Abilities, Weirdness & Mutations

You have a beak for a mouth.
You have claws for feet.


Message History

The giant gecko bites you but does no damage.
You hit the ooze.
The ooze is almost dead.
Something hits you!
The giant gecko bites you but does no damage.
The ooze hits you.
You hit the ooze but do no damage.
The ooze is severely wounded.
The giant gecko bites you. Something hits you but does no damage.
The ooze hits you. The giant gecko bites you.
* * * LOW HITPOINT WARNING * * *
You hit the ooze. You claw the ooze, but do no damage. You peck the ooze.
You kill the ooze!
The giant gecko barely misses you. Something hits you.
* * * LOW HITPOINT WARNING * * *
The giant gecko bites you.
* * * LOW HITPOINT WARNING * * *
You see here a scale mail.
The giant gecko bites you.
You die...

#.# #.# #.# #.
#.# #.# #.# #. #.
#.# #.# #.# . #.
#.# ##.########.#
###.#.
#.###.[.........#
#...#.
#..)...######...#
#... #..###.#
#.#[# #..
#..###.# #.#l#
....##..
#..#.#.######.#@#
#....$..
#..#.#......#.#.#
=.......
#..#...####.#.#.#
....... #..#.#.#
#.#.#.# .......
#..#.#.####.#.#.#
#####.#
#..#.#.##<..[.#.#
#.#
#..#.#.######.#.#
... #..#.#.. .#..
###. #..#.#.# ###
#.


You could see a giant gecko.

Vanquished Creatures
  5 adders
  2 worms (D:2)
  3 oozes
  A ball python (D:1)
  A giant cockroach (D:1)
  5 hobgoblins
  11 kobolds
  10 bats
  2 giant newts
  3 goblins (D:1)
  5 rats
48 creatures vanquished.

Notes
Turn   | Place    | Note
--------------------------------------------------------------
     0 | D:1      | KarvaRausku, the Tengu Fighter, began the quest for the Orb.
     0 | D:1      | Reached XP level 1. HP: 14/14 MP: 1/1
   105 | D:1      | Reached XP level 2. HP: 6/19 MP: 3/3
   501 | D:1      | Reached XP level 3. HP: 23/23 MP: 4/4
   765 | D:2      | Reached skill level 4 in Long Blades
  1153 | D:2      | Reached XP level 4. HP: 23/28 MP: 5/5
  1345 | D:2      | Reached skill level 5 in Long Blades
  1769 | D:3      | Noticed Sigmund
  1845 | D:3      | Slain by a giant gecko

Action                   |  1- 3 |  4- 6 || total
-------------------------+-------+-------++-------
Melee: Long sword        |    76 |    55 ||   131
  Eat: Chunk             |     1 |     2 ||     3
